 Dungeon Crawl Stone Soup version 0.28-a0-620-g539b0f7ac7 (webtiles) character file.

Game seed: 13368971141136741661

1320 meatgazer the Slasher (level 8, -2/64 HPs)
             Began as a Gnoll Wanderer on Oct 6, 2021.
             Was a Priest of Okawaru.
             Slain by a two-headed ogre (16 damage)
             ... on level 5 of the Dungeon.
             The game lasted 00:09:59 (5881 turns).

meatgazer the Slasher (Gnoll Wanderer)              Turns: 5881, Time: 00:10:00

Health: -2/64      AC: 13    Str: 13    XL:     8   Next: 59%
Magic:  12/13      EV: 16    Int: 12    God:    Okawaru [***...]
Gold:   248        SH:  0    Dex: 18    Spells: 13/13 levels left

rFire   + . .      SeeInvis .   a - +2 mace
rCold   . . .      Faith    .   (no shield)
rNeg    . . .      Spirit   .   j - +4 leather armour of Hedging {rPois rF+ Slay+3 Stlth+}
rPois   +          Reflect  .   d - +0 hat
rElec   .          Harm     .   g - +0 cloak
rCorr   .          Rampage  .   (no gloves)
Will    .....                   (no boots)
Stlth   +++++.....              (no amulet)
HPRegen 0.20/turn               i - +4 ring of protection
MPRegen 0.13/turn               s - +6 ring of dexterity

@: heroic
A: fangs 1, strong nose, distributed training
a: Renounce Religion, Heroism


You were on level 5 of the Dungeon.
You worshipped Okawaru.
Okawaru was most pleased with you.
You visited 1 branch of the dungeon, and saw 5 of its levels.

You collected 248 gold pieces.

Inventory:

Hand Weapons
 a - a +2 mace (weapon)
Armour
 d - a +0 hat (worn)
 g - a +0 cloak (worn)
 j - the +4 leather armour of Hedging (worn) {rPois rF+ Slay+3 Stlth+}
   (You took it off a gnoll on level 4 of the Dungeon)

   Slay:      It affects your accuracy & damage with ranged weapons and melee
   (+3).
   rF:        It protects you from fire.
   rPois:     It protects you from poison.
   Stlth:     It makes you more stealthy.
Jewellery
 e - a ring of wizardry
 i - a +4 ring of protection (left hand)
 o - a ring of see invisible
 s - a +6 ring of dexterity (right hand)
Scrolls
 b - 2 scrolls of noise {unknown}
 f - a scroll of fog
 m - 2 scrolls of identify
Potions
 c - 2 potions of curing
 l - a potion of cancellation


   Skills:
 + Level 5.8(10.8) Fighting
 + Level 3.4(8.4) Short Blades
 + Level 7.4(12.4) Long Blades
 + Level 3.4(8.4) Axes
 + Level 5.8(10.8) Maces & Flails
 + Level 3.4(8.4) Polearms
 + Level 3.4(8.4) Staves
 + Level 3.4(8.4) Slings
 + Level 3.4(8.4) Bows
 + Level 3.4(8.4) Crossbows
 + Level 3.4(8.4) Throwing
 + Level 4.3(9.3) Armour
 + Level 3.4(8.4) Dodging
 + Level 3.4(8.4) Stealth
 + Level 4.3(9.3) Shields
 + Level 3.4(8.4) Unarmed Combat
 + Level 3.4 Spellcasting
 + Level 2.8 Conjurations
 + Level 2.8 Hexes
 + Level 2.8 Summonings
 + Level 2.8 Necromancy
 + Level 2.8 Translocations
 + Level 2.8 Transmutations
 + Level 2.8 Fire Magic
 + Level 2.8 Ice Magic
 + Level 2.8 Air Magic
 + Level 2.8 Earth Magic
 + Level 2.8 Poison Magic
 + Level 3.7 Invocations
 + Level 4.3 Evocations


You had 13 spell levels left.
You didn't know any spells.
Your spell library contained the following spells:

 Spells                   Type           Power      Damage    Failure   Level
 Frozen Ramparts          Ice            16%        1d3       26%         3
 Ice Form                 Ice/Tmut       8%         N/A       65%         4
 Summon Ice Beast         Ice/Summ       Unusable   N/A       N/A         4

Dungeon Overview and Level Annotations

Branches:
Dungeon (5/15)
 Temple: D:4-7

Altars:
Dithmenos
Okawaru
Ru
Trog
The Shining One

Annotations:
D:3 2 runed translucent doors, AttackTheMoon's ghost, weakling OgWz


Innate Abilities, Weirdness & Mutations

You have very sharp teeth.
Your uncanny sense of smell can sniff out nearby items.
Your experience applies equally to all skills.


Message History

Okay, then.
You start putting on your armour.
You continue putting on your +0 hat. x4
You finish putting on your +0 hat.
A two-headed ogre comes into view. It is wielding two +0 giant clubs.
A killer bee zombie comes into view.
You gain the combat prowess of a mighty hero.
The two-headed ogre barely misses you.
The two-headed ogre hits you with a +0 giant club!
You thump the two-headed ogre! You punch the two-headed ogre.
The two-headed ogre is moderately wounded.
The two-headed ogre hits you with a +0 giant club! x2
You hit the two-headed ogre. You punch the two-headed ogre.
The two-headed ogre is moderately wounded.
The killer bee zombie closely misses you.
The killer bee zombie misses you.
You hit the two-headed ogre. You bite the two-headed ogre.
The two-headed ogre is heavily wounded.
The killer bee zombie misses you.
The two-headed ogre hits you with a +0 giant club! x2
* * * LOW HITPOINT WARNING * * *
You completely miss the two-headed ogre.
Your bite misses the two-headed ogre.
The two-headed ogre is heavily wounded.
The killer bee zombie closely misses you.
The killer bee zombie misses you. The two-headed ogre closely misses you.
The two-headed ogre barely misses you.
You hit the two-headed ogre.
The two-headed ogre is heavily wounded.
The killer bee zombie hits you but does no damage. x2
You thump the two-headed ogre! You punch the two-headed ogre!
The two-headed ogre is almost dead.
The two-headed ogre misses you. x2
The killer bee zombie barely misses you.
You hit the two-headed ogre.
The two-headed ogre is almost dead.
The killer bee zombie misses you.
The two-headed ogre hits you with a +0 giant club.
* * * LOW HITPOINT WARNING * * *
The two-headed ogre hits you with a +0 giant club!
You die...

#
≈≈#######≈≈....#..##
#≈≈# ##≈≈###.#..#
≈≈# ##≈≈#..#### ≈##
∆ ##≈..## ≈# ∆∆∆
#≈.## ≈# ∆ #≈.# ≈#
#≈.###### ≈####
#≈......# ≈≈≈≈#
#≈.@Z.### ≈##
#≈.O.## ≈≈## #≈≈...#
.≈≈# #≈≈#.... .#≈≈#
#≈≈#...#.# ## ≈≈≈≈
≈≈≈#......# # ###
... ....... #.
...##...#


You could see a two-headed ogre and a killer bee zombie.

Vanquished Creatures
  Grinder (D:5)
  Eustachio (D:5)
  Menkaure (D:5)
  A water moccasin (D:5)
  An ogre (D:5)
  A sky beast (D:5)
  A phantom (D:5)
  An elf skeleton (D:4)
  4 hounds
  A bullfrog skeleton (D:5)
  3 human skeletons (D:4)
  2 iguanas
  2 hound skeletons (D:4)
  4 gnolls (D:4)
  3 adders
  An ufetubus (D:5)
  A worm (D:3)
  4 dart slugs
  2 orcs
  A bat (D:2)
  4 endoplasms
  2 giant cockroaches (D:1)
  12 goblins
  4 hobgoblins
  6 kobolds
  2 quokkas
  7 ball pythons
  3 frilled lizards
  An orc skeleton (D:4)
  An orc zombie (D:4)
  4 rats
82 creatures vanquished.

Notes
Turn   | Place    | Note
-------+----------+-------------------------------------------
     0 | D:1      | meatgazer the Gnoll Wanderer began the quest for the Orb.
     0 | D:1      | meatgazer set off with the following items: a +2 mace, a +0
                  | falchion, a potion of curing, a +0 robe
     0 | D:1      | Reached XP level 1. HP: 20/20 MP: 1/1
     6 | D:1      | Noticed a swamp drake
     6 | D:1      | Noticed a black bear
     7 | D:1      | Noticed a water moccasin
     7 | D:1      | Noticed a lindwurm
   634 | D:1      | Found a faded altar of an unknown god.
   653 | D:1      | Became a worshipper of Warmaster Okawaru
   653 | D:1      | Reached * piety under Okawaru
   693 | D:1      | Reached XP level 2. HP: 26/26 MP: 2/2
  1506 | D:2      | Reached XP level 3. HP: 29/31 MP: 3/3
  2044 | D:3      | Found a runed translucent door.
  2049 | D:3      | Noticed AttackTheMoon's ghost (weakling OgWz)
  2060 | D:3      | Reached skill level 1 in Invocations
  2080 | D:3      | Found a runed translucent door.
  2285 | D:3      | Reached skill level 1 in Short Blades
  2285 | D:3      | Reached skill level 1 in Axes
  2285 | D:3      | Reached skill level 1 in Polearms
  2285 | D:3      | Reached skill level 1 in Staves
  2285 | D:3      | Reached skill level 1 in Slings
  2285 | D:3      | Reached skill level 1 in Bows
  2285 | D:3      | Reached skill level 1 in Crossbows
  2285 | D:3      | Reached skill level 1 in Throwing
  2285 | D:3      | Reached skill level 1 in Dodging
  2285 | D:3      | Reached skill level 1 in Stealth
  2285 | D:3      | Reached skill level 1 in Unarmed Combat
  2285 | D:3      | Reached skill level 1 in Spellcasting
  2287 | D:3      | Reached XP level 4. HP: 38/38 MP: 5/5
  2306 | D:3      | Found a sacrificial altar of Ru.
  2679 | D:4      | Reached skill level 1 in Conjurations
  2679 | D:4      | Reached skill level 1 in Hexes
  2679 | D:4      | Reached skill level 1 in Summonings
  2679 | D:4      | Reached skill level 1 in Necromancy
  2679 | D:4      | Reached skill level 1 in Translocations
  2679 | D:4      | Reached skill level 1 in Transmutations
  2679 | D:4      | Reached skill level 1 in Fire Magic
  2679 | D:4      | Reached skill level 1 in Ice Magic
  2679 | D:4      | Reached skill level 1 in Air Magic
  2679 | D:4      | Reached skill level 1 in Earth Magic
  2679 | D:4      | Reached skill level 1 in Poison Magic
  2801 | D:3      | Reached XP level 5. HP: 37/43 MP: 5/7
  2942 | D:4      | Found a bloodstained altar of Trog.
  3043 | D:4      | Identified the +4 leather armour of Hedging {rPois rF+
                  | Slay+3 Stlth+}
  3188 | D:4      | Reached XP level 6. HP: 33/50 MP: 8/8
  3203 | D:4      | Reached ** piety under Okawaru
  3248 | D:4      | Reached skill level 5 in Fighting
  3248 | D:4      | Reached skill level 5 in Maces & Flails
  3985 | D:4      | Found a glowing golden altar of the Shining One.
  4013 | D:5      | Entered Level 5 of the Dungeon
  4016 | D:5      | Noticed a sky beast
  4025 | D:5      | Killed a sky beast
  4026 | D:5      | Reached XP level 7. HP: 56/56 MP: 7/10
  4090 | D:5      | Reached skill level 7 in Long Blades
  4385 | D:5      | Reached *** piety under Okawaru
  4428 | D:5      | Noticed Grinder
  4438 | D:5      | Paralysed by Grinder for 6 turns
  4453 | D:5      | Killed Grinder
  4454 | D:5      | Reached XP level 8. HP: 8/63 MP: 12/12
  4885 | D:5      | Noticed Eustachio
  4903 | D:5      | Killed Eustachio
  5144 | D:5      | Noticed Menkaure
  5149 | D:5      | Killed Menkaure
  5323 | D:5      | Found a shadowy altar of Dithmenos.
  5870 | D:5      | Noticed a two-headed ogre
  5881 | D:5      | Slain by a two-headed ogre

Illustrated notes

Levels and vault maps discovered:
D:1:      onia_arrival_zoo_common, layout_loops_ring,
          shapermc_ecumenical_altar_ellora
D:2:      layout_rooms
D:3:      layout_basic, nicolae_ru_awakened_eye, ebering_ghost_sewer_f,
          chequers_serial_rivers_micro_c
D:4:      layout_gridville, mainiacjoe_overflow_swirl,
          nicolae_ossuary_entry_catacombs, hangedman_decor_opposing
D:5:      layout_layer_cave, mainiacjoe_overflow_brackets, serial_shops,
          nicolae_shop_behind_doors, water_maze_lemuel, uniq_menkaure,
          uniq_eustachio, uniq_grinder

Skill      XL: |  1  2  3  4  5  6  7 |
---------------+----------------------+-----
Invocations    | 1 2 3 |  3.7
Short Blades   | 1 2 3 |  3.4
Axes           | 1 2 3 |  3.4
Polearms       | 1 2 3 |  3.4
Staves         | 1 2 3 |  3.4
Slings         | 1 2 3 |  3.4
Bows           | 1 2 3 |  3.4
Crossbows      | 1 2 3 |  3.4
Throwing       | 1 2 3 |  3.4
Dodging        | 1 2 3 |  3.4
Stealth        | 1 2 3 |  3.4
Unarmed Combat | 1 2 3 |  3.4
Spellcasting   | 1 2 3 |  3.4
Conjurations   | 1 2 |  2.8
Hexes          | 1 2 |  2.8
Summonings     | 1 2 |  2.8
Necromancy     | 1 2 |  2.8
Translocations | 1 2 |  2.8
Transmutations | 1 2 |  2.8
Fire Magic     | 1 2 |  2.8
Ice Magic      | 1 2 |  2.8
Air Magic      | 1 2 |  2.8
Earth Magic    | 1 2 |  2.8
Poison Magic   | 1 2 |  2.8
Armour         | 3 4 |  4.3
Shields        | 3 4 |  4.3
Evocations     | 3 4 |  4.3
Fighting       | 5 |  5.8
Maces & Flails | 5 |  5.8
Long Blades    | 7 |  7.4

Action                   |  1- 3 |  4- 6 |  7- 9 || total
-------------------------+-------+-------+-------++-------
Melee: Falchion          |    48 |       |       ||    48
       Mace              |    58 |   136 |    91 ||   285
       Pseudopods        |     4 |    13 |    10 ||    27
       Bite              |       |     2 |     6 ||     8
Invok: Heroism           |       |     2 |     4 ||     6
  Use: Scroll            |     4 |     6 |     2 ||    12
       Potion            |       |     7 |       ||     7
 Stab: Sleeping          |     1 |       |     7 ||     8
Armor: Robe              |    24 |       |       ||    24
       Scale mail        |    16 |    83 |       ||    99
       Leather armour    |       |     2 |    28 ||    30
Dodge: Dodged            |    57 |    69 |    58 ||   184

Table legend: (Time is in decaauts)
 A = Elapsed time spent in this place.
 B = Non-inter-level travel time spent in this place.
 C = Inter-level travel time spent in this place.
 D = Time resting spent in this place.
 E = Time spent auto-exploring this place.
 F = Levels seen in this place.
 G = Mean time per level.
                   A        B        C        D        E       F      G
               +--------+--------+--------+--------+--------+-----+--------+
         Total |   5917 |   5765 |    152 |   1506 |   3286 |   5 | 1183.4 |
       Dungeon |   5917 |   5765 |    152 |   1506 |   3286 |   5 | 1183.4 |
               +--------+--------+--------+--------+--------+-----+--------+

Top non-repeatable levels by time:
     D:5: 1870 daAuts
     D:1: 1409 daAuts
     D:4: 1379 daAuts
     D:3: 659 daAuts
     D:2: 599 daAuts
